 Dungeon Crawl Stone Soup version 0.18.1-50-g88ac8fd (webtiles) character file.

35 Gaplan the Firebug (level 3, -4/26 HPs)
             Began as a Draconian Fire Elementalist on Oct 16, 2016.
             Killed from afar by a goblin (30 damage)
             ... with an exploding inner flame
             ... hexed by the player character
             ... on level 2 of the Dungeon.
             The game lasted 00:04:34 (1091 turns).

Gaplan the Firebug (Draconian Fire Elementalist)    Turns: 1091, Time: 00:04:35

Health: -4/26      AC:  5    Str: 10    XL:     3   Next: 17%
Magic:  1/6        EV: 12    Int: 16    God:
Gold:   63         SH:  0    Dex: 11    Spells: 2 memorised, 2 levels left

rFire  . . .     SeeInvis .     (no weapon)
rCold  . . .     Gourm    .     (armour unavailable)
rNeg   . . .     Faith    .     (no shield)
rPois  .         Spirit   .     (helmet restricted)
rElec  .         Dismiss  .     (no cloak)
rCorr  .         Reflect  .     (no gloves)
SustAt .         Harm     .     (no boots)
MR     .....                    (no amulet)
Stlth  ++........               (no ring)
                                (no ring)

@: not resistant to hostile enchantments, unstealthy
A: unfitting armour, cold-blooded, AC +5
a: no special abilities


You were on level 2 of the Dungeon.
You were not hungry.

You visited 1 branch of the dungeon, and saw 2 of its levels.

You collected 63 gold pieces.

Inventory:

Hand Weapons
 m - a +1 dagger of holy wrath
Armour
 c - a +0 cloak
 i - a +0 cloak
Scrolls
 d - 3 scrolls of remove curse {unknown}
 g - a scroll of magic mapping {unknown}
 j - a scroll of enchant weapon {unknown}
 n - a scroll of noise {unknown}
 o - a scroll of amnesia {unknown}
 p - a scroll of teleportation {unknown}
Potions
 e - a potion of might {unknown}
 h - 2 potions of flight {unknown}
 k - a potion of lignification {unknown}
 l - a potion of berserk rage {unknown}
Books
 a - a book of Flames

   Spells                             Type                      Level
   a - Flame Tongue                   Conjuration/Fire             1
   b - Throw Flame                    Conjuration/Fire             2
   c - Conjure Flame                  Conjuration/Fire             3
   d - Inner Flame                    Hexes/Fire                   3
   e - Sticky Flame                   Conjuration/Fire             4
   f - Fireball                       Conjuration/Fire             5
Comestibles
 b - a bread ration


   Skills:
 + Level 1.8 Dodging
 + Level 1.9 Stealth
 + Level 2.2 Spellcasting
 + Level 1.4 Conjurations
 + Level 3.8 Fire Magic


You had 2 spell levels left.
You knew the following spells:

 Your Spells              Type           Power        Failure   Level  Hunger
a - Flame Tongue          Conj/Fire      ##...        10%         1    #......
b - Inner Flame           Hex/Fire       #.......     34%         3    ###....


Dungeon Overview and Level Annotations

Branches:
Dungeon (2/15)

Altars:


Innate Abilities, Weirdness & Mutations

Your plain brown scales are hard (AC +5).
Your body does not fit into most forms of armour.
You are cold-blooded and may be slowed by cold attacks.


Message History

Casting: Inner Flame
Confirm with . or Enter, or press ? or * to list all spells.
You don't know that spell.
Unknown command.
Casting: Inner Flame
Confirm with . or Enter, or press ? or * to list all spells.
Aiming: Flame Tongue
Press: ? - help, Shift-Dir - straight line, f/p - goblin
Aim: a goblin (inner flame)
The flame tongue misses the goblin.
Casting: Flame Tongue
Confirm with . or Enter, or press ? or * to list all spells.
Aiming: Flame Tongue
Press: ? - help, Shift-Dir - straight line, f/p - goblin
Aim: a goblin (inner flame)
The flame tongue hits the goblin.
The goblin explodes!
The fiery explosion engulfs you!
Ouch! That really hurt!
You die...

.####.#####.#....[......#
###.........#.##.....#. #
#.#.#######.#......# #
#.#.# #.#..#...# ###.#.#
#.#..#...# .##.#.#
#.#..#...#
..#.#.#######.#..##.##.#
.......................#
#.#.#..........§@#.#####
#...#.........§§§.......
....#...........##.#####
#...#........... ..#
..#.#..........# ###
..#.##......... ..#.#
......... #.# ...... .#


There were no monsters in sight!

Vanquished Creatures
  3 dart slugs (D:1)
  A giant gecko (D:1)
  A ball python (D:1)
  4 bats (D:1)
  4 goblins
  6 hobgoblins
  2 kobolds (D:1)
  3 rats (D:1)
24 creatures vanquished.

Notes
Turn   | Place    | Note
--------------------------------------------------------------
     0 | D:1      | Gaplan the Draconian Fire Elementalist began the quest for the Orb.
     0 | D:1      | Reached XP level 1. HP: 14/14 MP: 3/3
   185 | D:1      | Reached XP level 2. HP: 12/20 MP: 1/5
   703 | D:1      | Reached XP level 3. HP: 26/26 MP: 0/6
  1012 | D:2      | Learned a level 3 spell: Inner Flame
  1091 | D:2      | Killed from afar by a goblin

Action                   || total
-------------------------++-------
Melee: Unarmed           ||    18
       Tailslap          ||     2
 Cast: Flame Tongue      ||    39
       Inner Flame       ||     1
  Eat: Chunk             ||     1
Armor: Skin              ||    14
Dodge: Dodged            ||    20
